 Dungeon Crawl Stone Soup version 0.17-a0-1951-g62301d3 (webtiles) character file.

25 glosham the Charmwright (level 2, -2/25 HPs)
             Began as a Demigod Skald on Oct 1, 2015.
             Slain by B1inky's ghost (4 damage)
             ... on level 3 of the Dungeon on Oct 2, 2015.
             The game lasted 00:11:29 (445 turns).

glosham the Charmwright (Demigod Skald)              Turns: 445, Time: 00:11:29

Health: -2/25      AC:  4    Str: 15    XL:     2   Next: 63%
Magic:  4/7        EV: 11    Int: 16    God:
Gold:   91         SH:  0    Dex: 15    Spells: 1 memorised, 3 levels left

rFire  . . .     SeeInvis .     a - +0 quarterstaff
rCold  . . .     Clarity  .     X - +0 leather armour
rNeg   . . .     SustAt   +     (no shield)
rPois  .         Gourm    .     (no helmet)
rElec  .         Spirit   .     Y - +0 cloak
rCorr  .         Warding  .     (no gloves)
rMut   .         Stasis   .     (no boots)
MR     .....                    (no amulet)
Stlth  +.........               (no ring)
                                (no ring)

@: infused, not resistant to hostile enchantments, very unstealthy
A: high mp 1, sustain attributes
a: no special abilities


You were on level 3 of the Dungeon.
You were not hungry.

You visited 1 branch of the dungeon, and saw 3 of its levels.

You collected 91 gold pieces.

Inventory:

Hand weapons
 a - a +0 quarterstaff (weapon)
 b - a +0 hand axe
 c - a +0 flail
Missiles
 g - 26 stones (quivered)
 h - 16 sling bullets
Armour
 X - a +0 leather armour (worn)
 Y - a +0 cloak (worn)
Scrolls
 e - a scroll of fear {unknown}
 f - a scroll of fog {unknown}
 i - a scroll of enchant weapon {unknown}
 k - a scroll of identify {unknown}
Books
 j - a book of Battle

   Spells                             Type                      Level
   a - Infusion                       Charms                       1
   b - Shroud of Golubria             Charms/Translocation         2
   c - Song of Slaying                Charms                       2
   d - Spectral Weapon                Hexes/Charms                 3
   e - Regeneration                   Charms/Necromancy            3
Comestibles
 d - a bread ration


   Skills:
 * Level 2.5 Fighting
 - Level 2.4 Axes
 - Level 0.8 Armour
 - Level 0.8 Dodging
 - Level 1.7 Spellcasting
 - Level 2.6 Charms


You had 3 spell levels left.
You knew the following spells:

 Your Spells              Type           Power        Failure   Level  Hunger
a - Infusion              Chrm           ##....       10%         1    ##.....


Dungeon Overview and Level Annotations

Branches:
Dungeon (3/15)

Annotations:
D:3 B1inky's ghost, average OpMo


Innate Abilities, Weirdness & Mutations

You have an increased reservoir of magic (+10% MP).
Your attributes are resistant to harm.


Message History

The rat closely misses you.
B1inky's ghost (average Octopode Monk) comes into view.
You sock the rat!
You kill the rat!
You aren't carrying any potions.
Unknown command.
Casting: Infusion
Confirm with . or Enter, or press ? or * to list all spells.
You begin infusing your attacks with magical energy.
You closely miss B1inky's ghost.
B1inky's ghost hits you but does no damage.
You barely miss B1inky's ghost.
B1inky's ghost hits you but does no damage.
B1inky's ghost hits you.
You barely miss B1inky's ghost. B1inky's ghost hits you.
You barely miss B1inky's ghost. B1inky's ghost hits you.
You barely miss B1inky's ghost. B1inky's ghost hits you.
B1inky's ghost says, "It's not the size of the blade that matters, it's how you use it."
B1inky's ghost misses you.
Your leather armour prevents you from hitting B1inky's ghost.
B1inky's ghost hits you.
You sock B1inky's ghost!
B1inky's ghost is moderately damaged.
B1inky's ghost hits you but does no damage.
You barely miss B1inky's ghost.
B1inky's ghost is moderately damaged.
B1inky's ghost hits you.
* * * LOW HITPOINT WARNING * * *
B1inky's ghost barely misses you.
You hit B1inky's ghost.
B1inky's ghost is moderately damaged.
B1inky's ghost barely misses you.
You closely miss B1inky's ghost.
B1inky's ghost is moderately damaged.
B1inky's ghost hits you.
* * * LOW HITPOINT WARNING * * *
You hit B1inky's ghost.
B1inky's ghost is heavily damaged.
B1inky's ghost hits you.
You die...

....... ...####.....
.......
#....................
#....................
#..........##...#.... ..
#...........+........
...#..........##........
...........#####........
#....W@................
+.$...............>....
#......†..............#
#......†....####......#
#.##...................
# #...................
.....................
....######............
.... ###..........


You could see B1inky's ghost.

Vanquished Creatures
  An ooze (D:3)
  A giant gecko (D:3)
  2 bats
  2 giant cockroaches (D:2)
  3 hobgoblins (D:2)
  A quokka (D:2)
  A giant newt (D:2)
  8 rats
19 creatures vanquished.

Notes
Turn   | Place    | Note
--------------------------------------------------------------
     0 | D:1      | glosham the Demigod Skald began the quest for the Orb.
     0 | D:1      | Reached XP level 1. HP: 17/17 MP: 5/5
     0 | D:1      | Upgraded the game from 0.17-a0-1946-gfb768fe to 0.17-a0-1951-g62301d3
   127 | D:1      | Reached skill level 2 in Axes
   264 | D:2      | Reached XP level 2. HP: 19/24 MP: 7/7
   283 | D:2      | Reached skill level 2 in Fighting
   431 | D:3      | Noticed B1inky's ghost (average OpMo)
   444 | D:3      | HP: 2/25 [B1inky's ghost (4)]
   445 | D:3      | Slain by B1inky's ghost

Vault maps used:
D:1:      dpeg_arrival_radiant, nrook_mini_vaults, kennysheep_boxes
D:2:      cheibriados_altar_1, serial_glass, glass_columns_b, glass_columns_c,
          serial_bayou_lagoon_a, led_sif_pool
D:3:      wad_lake_hut, xom_teletrap_fun, first_bread, ecumenical_altar_2

Action                   || total
-------------------------++-------
Melee: Hand axe          ||    25
       Quarterstaff      ||    38
 Cast: Infusion          ||     1
 Stab: Sleeping          ||     3

Table legend:
 A = Turns spent in this place as a percentage of turns spent in the entire game.
 B = Non-inter-level travel turns spent in this place as a percentage of non-inter-level travel turns spent in the entire game.
 C = Inter-level travel turns spent in this place as a percentage of turns spent in this place.
 D = Turns resting spent in this place as a percentage of non-inter-level travel turns spent in this place.
 E = Turns spent auto-exploring this place as a percentage of non-inter-level travel turns spent in this place.
 F = Non-inter-level travel turns spent in this place divided by the number of levels of this place that you've seen.
                   A       B       C       D       E      F
               +-------+-------+-------+-------+-------+----------------------
         Total | 100.0 | 100.0 |   0.0 |   0.0 |   0.0 | 147.3
       Dungeon | 100.0 | 100.0 |   0.0 |   0.0 |   0.0 | 147.3
               +-------+-------+-------+-------+-------+----------------------

Table legend:
 A = Kills in this place as a percentage of kills in entire the game.
 B = Kills by you in this place as a percentage of kills by you in the entire game.
 C = Kills by friends in this place as a percentage of kills by friends in the entire game.
 D = Other kills in this place as a percentage of other kills in the entire game.
 E = Experience gained in this place as a percentage of experience gained in the entire game.
 F = Experience gained in this place divided by the number of levels of this place that you have seen.
                   A       B       C       D       E      F
               +-------+-------+-------+-------+-------+----------------------
         Total | 100.0 | 100.0 |  -nan |  -nan | 100.0 |  12.0
       Dungeon | 100.0 | 100.0 |  -nan |  -nan | 100.0 |  12.0
               +-------+-------+-------+-------+-------+----------------------

Vault maps used:
D:1:      dpeg_arrival_radiant, nrook_mini_vaults, kennysheep_boxes
D:2:      cheibriados_altar_1, serial_glass, glass_columns_b, glass_columns_c,
          serial_bayou_lagoon_a, led_sif_pool
D:3:      wad_lake_hut, xom_teletrap_fun, first_bread, ecumenical_altar_2
